 Dungeon Crawl Stone Soup version 0.28.0-45-g0d030f2227 (webtiles) character file.

Game seed: 17566315098271381459

267659 protoss039 the Slayer (level 19, -25/195 HPs)
             Began as a Minotaur Fighter on Apr 6, 2022.
             Was a High Priest of Okawaru.
             Killed by vampiric draining
             ... invoked by Jory
              (29 damage)
             ... in the Arena on Apr 8, 2022.
             The game lasted 02:08:07 (46586 turns).

protoss039 the Slayer (Minotaur Fighter)           Turns: 46586, Time: 02:08:07

Health: -25/195    AC: 45    Str: 30    XL:     19   Next: 35%
Magic:  12/24      EV: 11    Int:  7    God:    Okawaru [*****.]
Gold:   2090       SH: 26    Dex: 16    Spells: 18/18 levels left

rFire   + + .      SeeInvis .   N - +8 eveningstar (protect)
rCold   . . .      Faith    .   L - +2 tower shield
rNeg    . . .      Spirit   .   Z - +6 plate armour {rF+}
rPois   +          Reflect  .   M - +0 hat "Habli" {rElec Dex+3}
rElec   +          Harm     .   D - +2 cloak
rCorr   .          Rampage  .   P - +0 pair of gloves of Vommun {rPois Regen+}
Will    ++...                   c - +3 pair of boots of Fashionability {rPois Str+3 Dex-5}
Stlth   ..........              o - amulet of regeneration
HPRegen 2.02/turn               O - ring of willpower
MPRegen 0.19/turn               r - ring "Cisomuil" {Drain +Blink rElec rF+ Dex+6}

@: lethally poisoned (-25 -> -26), heroic, finesse-ful, under a protective aura,
duelling
A: horns 2, retaliatory headbutt, clever 1, low MP 1, subdued magic 1
}: 2/15 runes: decaying, gossamer
a: Renounce Religion, Evoke Blink, Heroism, Finesse, Duel


You were in the Arena.
You worshipped Okawaru.
Okawaru was extremely pleased with you.
You visited 7 branches of the dungeon, and saw 34 of its levels.
You visited the Abyss 2 times.
You also visited: Ice Cave and Volcano.

You collected 3695 gold pieces.
You spent 1605 gold pieces at shops.

Inventory:

Hand Weapons
 d - a +2 broad axe of flaming
 e - a +2 war axe of freezing
 N - a +8 eveningstar of protection (weapon)
Armour
 b - the +2 pair of gloves of Waet Saheib {+Blink rElec Str+6}
   (Okawaru gifted it to you on level 13 of the Dungeon)

   Str:       It affects your strength (+6).
   rElec:     It insulates you from electricity.
   +Blink:    It lets you blink.
 c - the +3 pair of boots of Fashionability (worn) {rPois Str+3 Dex-5}
   (Okawaru gifted it to you on level 2 of the Vaults)

   Str:       It affects your strength (+3).
   Dex:       It affects your dexterity (-5).
   rPois:     It protects you from poison.
 A - the +7 chain mail of Failure {rElec rF+}
   (Okawaru gifted it to you on level 2 of the Lair of Beasts)

   rF:        It protects you from fire.
   rElec:     It insulates you from electricity.
 D - a +2 cloak (worn)
 L - a +2 tower shield (worn)
 M - the +0 hat "Habli" (worn) {rElec Dex+3}
   (You found it in an ice cave)

   Dex:       It affects your dexterity (+3).
   rElec:     It insulates you from electricity.
 P - the +0 pair of gloves of Vommun (worn) {rPois Regen+}
   (Okawaru gifted it to you on level 1 of the Swamp)

   rPois:     It protects you from poison.
   Regen:     It increases your rate of health regeneration.
 Z - a +6 plate armour of fire resistance (worn)
Jewellery
 k - a ring of see invisible
 l - a ring of protection from fire
 o - an amulet of regeneration (around neck)
 r - the ring "Cisomuil" (right hand) {Drain +Blink rElec rF+ Dex+6}
   (You found it on level 3 of the Dungeon)

   [ring of dexterity]

   Dex:       It affects your dexterity (+6).
   rF:        It protects you from fire.
   rElec:     It insulates you from electricity.
   +Blink:    It lets you blink.
   Drain:     It drains your maximum health when unequipped.
 B - the ring of Atheism {Fly rN+}
   (You bought it in a shop on level 2 of the Orcish Mines)

   [ring of flight]

   rN:        It protects you from negative energy.
   Fly:       It grants you flight.
 E - a ring of protection from cold
 K - a +4 ring of slaying
 O - a ring of willpower (left hand)
 X - an amulet of reflection
Wands
 h - a wand of flame (78)
 m - a wand of iceblast (57)
 y - a wand of digging (15)
 z - a wand of paralysis (16)
 G - a wand of polymorph (10)
 R - a wand of acid (19)
 V - a wand of mindburst (23)
Scrolls
 f - a scroll of brand weapon
 g - 10 scrolls of identify
 i - a scroll of teleportation
 j - a scroll of acquirement {unknown}
 p - 3 scrolls of fog
 u - a scroll of enchant weapon
 J - 4 scrolls of magic mapping
 Q - 2 scrolls of amnesia
Potions
 a - a potion of lignification
 q - 3 potions of flight
 s - 4 potions of resistance
 t - 3 potions of attraction
 v - a potion of might
 w - 3 potions of brilliance
 x - a potion of magic
 C - 7 potions of ambrosia
 I - 6 potions of haste
 W - a potion of mutation
 Y - 2 potions of cancellation


   Skills:
 * Level 23.5(27) Fighting
 + Level 19.0(24.0) Axes
 + Level 18.9(23.9) Armour
 + Level 18.9(23.9) Shields
 + Level 13.1 Invocations


You had 18 spell levels left.
You didn't know any spells.
Your spell library contained the following spells:

 Spells                   Type           Power      Damage    Failure   Level
 Apportation              Tloc           0%         N/A       89%         1
 Beastly Appendage        Tmut           0%         N/A       89%         1
 Sandblast                Erth           0%         2d4       89%         1
 Shock                    Conj/Air       0%         1d3       89%         1
 Corpse Rot               Necr/Air       0%         N/A       96%         2
 Passwall                 Tmut/Erth      0%         N/A       96%         2
 Poisonous Vapours        Pois/Air       0%         N/A       96%         2
 Sublimation of Blood     Necr           0%         N/A       96%         2
 Wereblood                Tmut           0%         N/A       96%         2
 Dazzling Flash           Conj/Hex       0%         N/A       99%         3
 Gell's Gravitas          Tloc           0%         N/A       99%         3
 Inner Flame              Hex/Fire       0%         N/A       99%         3
 Lesser Beckoning         Tloc           0%         N/A       99%         3
 Spider Form              Tmut/Pois      0%         N/A       99%         3
 Stone Arrow              Conj/Erth      0%         3d7       99%         3
 Swiftness                Air            0%         N/A       99%         3
 Teleport Other           Tloc           0%         N/A       99%         3
 Airstrike                Air            0%         N/A       100%        4
 Cause Fear               Hex            0%         N/A       100%        4
 Dispel Undead            Necr           0%         3d6       100%        4
 Fulminant Prism          Conj/Hex       0%         3d6       100%        4
 Iskenderun's Mystic Bla  Conj/Tloc      0%         2d3       100%        4
 Passage of Golubria      Tloc           0%         N/A       100%        4
 Petrify                  Tmut/Erth      0%         N/A       100%        4
 Agony                    Necr           0%         N/A       100%        5
 Blade Hands              Tmut           0%         N/A       100%        5
 Borgnjor's Vile Clutch   Necr/Erth      0%         N/A       100%        5
 Lee's Rapid Deconstruct  Erth           0%         3d5*      100%        5
 Metabolic Englaciation   Hex/Ice        0%         N/A       100%        5
 Silence                  Hex/Air        0%         N/A       100%        5
 Yara's Violent Unravell  Hex/Tmut       0%         3d3       100%        5
 Iron Shot                Conj/Erth      0%         9d1       100%        6
 Statue Form              Tmut/Erth      0%         N/A       100%        6
 Discord                  Hex            0%         N/A       100%        8
 Animate Skeleton         Necr           Unusable   N/A       N/A         1
 Summon Small Mammal      Summ           Unusable   N/A       N/A         1
 Tukima's Dance           Hex            Unusable   N/A       N/A         3
 Animate Armour           Summ/Erth      Unusable   N/A       N/A         4
 Animate Dead             Necr           Unusable   N/A       N/A         4
 Death Channel            Necr           Unusable   N/A       N/A         6
 Summon Hydra             Summ           Unusable   N/A       N/A         7

Dungeon Overview and Level Annotations

Branches:
Dungeon (15/15)            Temple (1/1) D:4            Lair (6/6) D:11
  Swamp (4/4) Lair:2       Spider (4/4) Lair:2        Slime (0/5) Lair:6
    Orc (2/2) D:11            Elf (0/3) Orc:2        Vaults (2/5) D:13
 Depths (0/4) D:15          IceCv (visited)         Volcano (visited)
  Crypt: Vaults:2-3

Altars:
Ashenzari
Cheibriados
Dithmenos
Elyvilon
Fedhas
Gozag
Hepliaklqana
Kikubaaqudgha
Makhleb
Nemelex Xobeh
Okawaru
Qazlal
Ru
Sif Muna
Trog
Uskayaw
Vehumet
Wu Jian
Xom
Yredelemnul
Zin
The Shining One
Beogh
Ignis
Jiyva

Shops:
D:3 *   D:6 [   D:7 =   D:11 *   Orc:2 (:*(

Portals:
Trove: D:11 (give 14 scrolls of teleportation)

Annotations:
Arena Jory


Innate Abilities, Weirdness & Mutations

You have a pair of horns on your head.
You reflexively headbutt those who attack you in melee.
Your mind is acute. (Int +2)
Your magical capacity is low. (-10% MP)
Your spells are a little easier to cast, but a little less powerful.


Message History

You can see no monster there to duel!
Unknown command.
Aiming: Duel (4% risk of failure)
Press: ? - help, Dir - move target, f - Jory
Aim: Jory, wielding a +2 glaive of venom and wearing a +2 chain mail of willpower (severely damaged, mesmerising)
You enter into single combat with Jory!
The world spins around you as you enter the gateway.
You enter Okawaru's Arena!
* * * LOW HITPOINT WARNING * * *
You feel sick.
The spectator shouts! x5
Found a gate leading back out of this place.
There is an empty arch of ancient stone here.
Unknown command.
Unknown command.
Unknown command.
You closely miss Jory.
Jory is severely damaged.
Jory mumbles some strange words.
Jory attempts to bespell you! You resist.
Unknown command.
You puncture Jory! You headbutt Jory, but do no damage.
Jory is severely damaged.
You feel sick.
Unknown command.
You hit Jory but do no damage. Your headbutt misses Jory.
Jory is severely damaged.
Jory completely misses you. Jory bites you but does no damage.
Unknown command.
You hit Jory.
Jory is severely damaged.
You feel sick.
You hit Jory but do no damage.
Jory is severely damaged.
Unknown command.
You hit Jory. You headbutt Jory, but do no damage.
Jory is severely damaged.
Jory draws life force from you!!
You die...
Okawaru crowns Jory victorious!

###############
#...p.p▓p.p...#
#▓▓▓▓▓▓▓▓▓▓▓▓▓#
#.............#
#.8....@....8.#
#.....V.......#
#▓▓▓▓▓▓▓▓▓▓▓▓▓#
#.p▓.p▓∩▓p.▓p.#
###############


You could see Jory.

Vanquished Creatures
  Arachne (Spider:3)
  A tentacled monstrosity (Swamp:4)
  Rupert (Lair:3)
  An Ice Fiend (IceCv)
  Mlioglotl (Spider:4)
  Jorgrun (Orc:1)
  Asterion (Arena)
  An Executioner (Abyss:2)
  A thorn hunter (Swamp:3)
  A tentacled starspawn (Abyss:2)
  2 sphinxes (Vaults:2)
  Kirke (Lair:4)
  A fenstrider witch (Swamp:4)
  Donald (Swamp:4)
  Roxanne (Arena)
  A deep elf sorcerer (Abyss:2)
  A fire giant (D:12)
  3 vault wardens
  11 emperor scorpions
  2 ghost moths
  Louise (Arena)
  5 ironbound preservers (Vaults:2)
  3 ghouls
  3 very ugly things (Swamp:4)
  A war gargoyle (Vaults:1)
  A reaper (Abyss:2)
  7 ironbound thunderhulks
  2 stone giants
  17 dire elephants
  4 entropy weavers
  A red draconian (Volcano)
  5 bunyips
  6 eleionomae
  3 spark wasps
  2 green deaths (Swamp:4)
  An ettin (Vaults:2)
  A fire dragon (Lair:6)
  2 yaktaur captains (Vaults:2)
  3 vault guards
  2 great orbs of eyes
  6 ghost crabs
  26 hydras
  A catoblepas (Lair:4)
  11 centaur warriors
  An ogre mage (D:13)
  A caustic shrike simulacrum (IceCv)
  Erica (D:11)
  4 ironbound frosthearts
  5 boulder beetles
  6 alligators
  A radroach (Spider:4)
  6 two-headed ogres
  3 death yaks (Lair:6)
  3 tengu warriors
  2 thrashing horrors
  4 orc high priests (Orc:2)
  Urug (D:12)
  3 wretched stars (Abyss:2)
  8 spriggans
  A spatial maelstrom (Abyss:2)
  A sun moth (Spider:2)
  5 pharaoh ants
  A salamander mystic (Volcano)
  6 goliath frogs
  5 swamp dragons
  A glowing orange brain (Vaults:1)
  9 steelbarb worms
  4 spriggan druids
  12 deep trolls (Vaults:2)
  2 obsidian statues (IceCv)
  9 orb spiders
  12 bog bodies
  2 spriggan simulacra (Swamp:3)
  6 lindwurms
  Pikel (D:7)
  3 ironbound convokers (Vaults:1)
  2 deep elf pyromancers
  2 wizards (Vaults:2)
  2 deep elf zephyrmancers
  6 orc knights
  6 orc sorcerers (Orc:2)
  14 wolf spiders
  16 ugly things
  A faun (shapeshifter) (D:13)
  4 salamanders (Volcano)
  3 will-o-the-wisps
  2 moths of wrath
  5 cyclopes
  A moth of wrath (shapeshifter) (Vaults:1)
  4 manticores
  7 black mambas
  A guardian serpent (Abyss:2)
  5 orange demons
  7 vault sentinels
  4 molten gargoyles
  2 smoke demons (Abyss:2)
  4 gargoyles (D:12)
  A cane toad (shapeshifter) (D:15)
  7 freezing wraiths
  12 komodo dragons
  5 cane toads
  5 torpor snails
  2 demonic crawlers (Spider:3)
  A rime drake (Lair:1)
  20 yaktaurs
  4 efreet
  3 unseen horrors
  A kobold demonologist (D:11)
  A tengu conjurer (D:13)
  An ancient zyme (Abyss:2)
  4 golden dragon simulacra (IceCv)
  A guardian mummy (D:11)
  2 ice devils (Abyss:2)
  An entropy weaver simulacrum (IceCv)
  A merfolk (shapeshifter) (D:12)
  A troll (shapeshifter) (Abyss:2)
  11 trolls
  26 tarantellas
  2 polar bears
  15 meliai
  A bloated husk (Swamp:3)
  A meliai (shapeshifter) (D:15)
  2 raiju (Abyss:2)
  32 slime creatures
  9 tyrant leeches
  4 dream sheep (Lair:4)
  19 blink frogs
  9 hornets
  4 shadows
  25 jumping spiders
  15 starcursed masses (Abyss:2)
  Sigmund (D:2)
  3 vampires
  4 wraiths
  2 dire elephant simulacra
  19 culicivoras
  A spriggan (shapeshifter) (D:13)
  2 humans (Lair:4)
  29 yaks
  7 fire bats
  6 wyverns
  10 basilisks
  2 fire elementals
  2 chaos spawn (Abyss:2)
  A hog (Lair:4)
  A hog (shapeshifter) (D:12)
  A neqoxec (Abyss:2)
  54 redbacks
  3 steam dragons
  A minotaur simulacrum (IceCv)
  5 vampire mosquitoes
  Grum (D:8)
  3 wargs
  4 acid dragons
  A harpy simulacrum (IceCv)
  4 large abominations (Abyss:2)
  A spatial vortex (Abyss:2)
  15 swamp worms
  4 hydra simulacra (IceCv)
  8 water moccasins
  3 hell hounds (Lair:6)
  A swamp drake (Swamp:2)
  An ice beast (D:7)
  An ettin simulacrum (IceCv)
  A hornet zombie (D:5)
  3 necrophages
  20 orc warriors
  6 black bears
  An alligator simulacrum (Swamp:3)
  4 wolves
  8 boggarts
  8 ogres
  10 centaurs
  A phantom (D:6)
  3 gnoll sergeants
  2 scorpions
  10 bullfrogs
  3 deep troll simulacra (Swamp:3)
  5 small abominations (Abyss:2)
  A water moccasin zombie (D:7)
  4 killer bees (D:9)
  A lindwurm simulacrum (Swamp:3)
  5 electric eels
  2 vampire bats (Lair:2)
  12 howler monkeys
  12 lava snakes
  A bullfrog zombie (D:7)
  2 centaur zombies
  An iron imp (Abyss:2)
  2 hounds
  A bullfrog skeleton (D:6)
  23 orc priests
  A gnoll shaman (Orc:2)
  2 iguanas
  29 orc wizards
  2 howler monkey zombies
  11 gnolls
  2 adders
  2 shadow imps
  2 white imps
  2 worms
  2 dart slugs
  42 orcs
  7 endoplasms
  5 giant cockroaches
  8 goblins
  7 hobgoblins
  2 jackals (D:1)
  4 quokkas
  7 ball pythons
  9 bats
  3 frilled lizards
  4 kobolds
  4 rats
  A spectral orc (D:8)
  A briar patch (Swamp:4)
  2 starspawn tentacles (Abyss:2)
1137 creatures vanquished.

Vanquished Creatures (others)
  Nikola (Spider:1)
  A hydra (Swamp:3)
  A dancing weapon (D:12)
  2 bloated husks
  A tarantella (Spider:1)
  A blink frog (Lair:6)
  2 spriggans (Swamp:3)
  A wyvern (Lair:6)
  2 redbacks
  A hell hound (Lair:6)
  A boggart (Vaults:2)
  14 foxfires
  29 fungi
  36 plants
  2 starspawn tentacles (Abyss:2)
95 creatures vanquished.

Grand Total: 1232 creatures vanquished

Notes
Turn   | Place    | Note
-------+----------+-------------------------------------------
     0 | D:1      | protoss039 the Minotaur Fighter began the quest for the
                  | Orb.
     0 | D:1      | Reached XP level 1. HP: 19/19 MP: 0/0
   101 | D:1      | Reached XP level 2. HP: 27/27 MP: 1/1
   359 | D:1      | Reached skill level 4 in Fighting
   676 | D:1      | Reached XP level 3. HP: 33/33 MP: 2/2
   827 | D:1      | Found a faded altar of an unknown god.
  1379 | D:2      | Found an opulent altar of Gozag.
  1496 | D:2      | Noticed Sigmund
  1516 | D:2      | Killed Sigmund
  1517 | D:2      | Reached XP level 4. HP: 14/41 MP: 3/3
  1517 | D:2      | Reached XP level 5. HP: 16/47 MP: 4/4
  1820 | D:2      | Reached skill level 5 in Shields
  2213 | D:3      | Reached skill level 5 in Fighting
  2213 | D:3      | Reached skill level 5 in Armour
  2360 | D:3      | Reached XP level 6. HP: 53/56 MP: 5/5
  2409 | D:3      | You fall into a shaft and drop 3 floors!
  2477 | D:5      | Entered Level 5 of the Dungeon
  2485 | D:5      | Noticed a wyvern
  2497 | D:5      | Killed a wyvern
  2498 | D:5      | Reached skill level 5 in Axes
  2498 | D:5      | Reached XP level 7. HP: 33/62 MP: 6/6
  3082 | D:5      | Found a radiant altar of Vehumet.
  3114 | D:5      | Reached skill level 6 in Fighting
  4260 | D:3      | Found Qekasuog's Assorted Antiques.
  4363 | D:3      | Identified the ring "Cisomuil" {Drain +Blink rElec rF+
                  | Dex+6}
  4407 | D:3      | Found a broken altar of Ashenzari.
  4480 | D:3      | Reached XP level 8. HP: 60/71 MP: 7/7
  4652 | D:3      | Found a snail-covered altar of Cheibriados.
  5130 | D:4      | Found a staircase to the Ecumenical Temple.
  5200 | Temple   | Entered the Ecumenical Temple
  5272 | Temple   | Became a worshipper of Warmaster Okawaru
  5956 | D:6      | Found Avvuk Ona's Armour Boutique.
  6246 | D:6      | Noticed an unseen horror
  6256 | D:6      | Reached skill level 1 in Invocations
  6284 | D:6      | Killed an unseen horror
  6285 | D:6      | Reached skill level 7 in Fighting
  6336 | D:6      | Found a bloodstained altar of Trog.
  6492 | D:6      | Reached * piety under Okawaru
  6824 | D:7      | Reached XP level 9. HP: 70/79 MP: 10/10
  6914 | D:7      | Found a sparkling altar of Nemelex Xobeh.
  6992 | D:7      | Found Dolem's Jewellery Shop.
  7097 | D:7      | Found a glowing golden altar of the Shining One.
  7156 | D:7      | Noticed Pikel
  7167 | D:7      | Killed Pikel
  7167 | D:7      | Reached ** piety under Okawaru
  7168 | D:7      | Reached skill level 8 in Fighting
  7168 | D:7      | Reached skill level 5 in Invocations
  7633 | D:8      | Noticed Grum
  7668 | D:7      | Reached *** piety under Okawaru
  7935 | D:8      | Killed Grum
  7946 | D:8      | Found a hazy altar of Hepliaklqana.
  8433 | D:8      | Reached XP level 10. HP: 90/90 MP: 13/13
  8813 | D:9      | Found a burning altar of Makhleb.
  9030 | D:8      | Reached **** piety under Okawaru
  9031 | D:8      | Reached skill level 9 in Fighting
  9694 | D:9      | Noticed a manticore
 10351 | D:9      | Reached ***** piety under Okawaru
 10360 | D:9      | Found a blossoming altar of Fedhas.
 10535 | D:9      | Killed a manticore
 10995 | D:9      | Found a glowing silver altar of Zin.
 11024 | D:10     | Entered Level 10 of the Dungeon
 11332 | D:10     | Reached XP level 11. HP: 91/99 MP: 16/16
 12658 | D:11     | Found a stormy altar of Qazlal.
 12697 | D:11     | Reached skill level 10 in Shields
 12811 | D:11     | Noticed Erica
 12825 | D:11     | Killed Erica
 12826 | D:11     | Reached skill level 10 in Fighting
 12826 | D:11     | Reached skill level 10 in Armour
 13656 | D:11     | Found a staircase to the Lair.
 13695 | D:11     | Found a staircase to the Orcish Mines.
 13750 | D:11     | Identified the +7 battleaxe "Ruamun" {chaos, rElec}
                  | (Okawaru gifted it to you on level 11 of the Dungeon)
 13750 | D:11     | Received a gift from Okawaru
 13772 | D:11     | Noticed a two-headed ogre
 14184 | D:11     | Found Cashikamp's Assorted Antiques.
 14303 | D:11     | Reached skill level 10 in Axes
 14683 | Lair:1   | Entered Level 1 of the Lair of Beasts
 16317 | Lair:1   | Noticed a lindwurm
 16325 | Lair:1   | Killed a lindwurm
 16336 | Lair:1   | Noticed a lindwurm
 16350 | Lair:1   | Killed a lindwurm
 16842 | Lair:2   | Noticed a four-headed hydra
 16850 | Lair:2   | Killed a one-headed hydra
 17163 | Lair:2   | Reached skill level 11 in Fighting
 17164 | Lair:2   | Reached XP level 12. HP: 34/110 MP: 15/18
 17168 | Lair:2   | Identified the +7 chain mail of Failure {rElec rF+}
                  | (Okawaru gifted it to you on level 2 of the Lair of Beasts)
 17168 | Lair:2   | Received a gift from Okawaru
 17517 | Lair:2   | Found a hole to the Spider Nest.
 17735 | Lair:2   | Found a staircase to the Swamp.
 18132 | Lair:3   | Found a radiant altar of Vehumet.
 18139 | Lair:3   | Noticed Rupert
 18143 | Lair:3   | Gained mutation: Your spells are a little easier to cast,
                  | but a little less powerful. [potion of mutation]
 18143 | Lair:3   | Gained mutation: Your mind is acute. (Int +2) [potion of
                  | mutation]
 18143 | Lair:3   | Gained mutation: Your magical capacity is low. (-10% MP)
                  | [potion of mutation]
 18658 | D:11     | Found a portal to a secret trove of treasure.
 18756 | D:11     | Bought a potion of curing for 90 gold pieces
 18939 | D:12     | Noticed Urug
 18965 | D:12     | Killed Urug
 19412 | D:12     | Noticed a two-headed ogre
 19416 | D:12     | Killed a two-headed ogre
 19417 | D:12     | Reached skill level 10 in Invocations
 19919 | D:11     | Killed a two-headed ogre
 20047 | D:12     | Noticed a two-headed ogre
 20051 | D:12     | Noticed a boulder beetle
 20058 | D:12     | Killed a two-headed ogre
 20094 | D:12     | Killed a boulder beetle
 20100 | D:12     | Noticed a four-headed hydra
 20478 | D:12     | Noticed a six-headed hydra
 20485 | D:12     | Killed a two-headed hydra
 20486 | D:12     | Reached skill level 12 in Fighting
 20609 | D:12     | Noticed a centaur warrior
 20619 | D:12     | Killed a centaur warrior
 21035 | D:12     | Noticed a boulder beetle
 21046 | D:12     | Noticed a two-headed ogre
 21054 | D:12     | Killed a two-headed ogre
 21054 | D:12     | Received a gift from Okawaru
 21055 | D:12     | Reached XP level 13. HP: 44/119 MP: 17/17
 21961 | D:12     | Identified the +9 morningstar of Context {vamp, Contam
                  | rElec rC+ Str+2}
 22064 | D:12     | Noticed a fire giant
 22307 | D:12     | Killed a fire giant
 22308 | D:12     | Reached skill level 13 in Fighting
 22445 | D:12     | Noticed an ettin
 22460 | D:12     | an ettin changed into a great orb of eyes
 22468 | D:12     | Reached ****** piety under Okawaru
 23114 | D:13     | Identified the +2 pair of gloves of Waet Saheib {+Blink
                  | rElec Str+6} (Okawaru gifted it to you on level 13 of the
                  | Dungeon)
 23114 | D:13     | Received a gift from Okawaru
 24246 | Lair:3   | Killed Rupert
 24590 | Lair:4   | Noticed Kirke
 24602 | Lair:4   | Killed Kirke
 24809 | Lair:4   | Reached skill level 14 in Fighting
 24811 | Lair:4   | Reached XP level 14. HP: 129/132 MP: 18/18
 26227 | Lair:6   | Entered Level 6 of the Lair of Beasts
 26301 | Lair:6   | Received a gift from Okawaru
 26337 | Lair:6   | Found a large runed translucent door.
 26338 | Lair:6   | Found a large runed translucent door.
 26730 | Lair:6   | Identified the +2 ring mail "Qihumnad" {rC- Str+2 Dex+3}
 26828 | Lair:6   | Identified the +0 robe of Discretion {+Blink +Inv Str+6
                  | Dex-4} (Okawaru gifted it to you on level 6 of the Lair of
                  | Beasts)
 26828 | Lair:6   | Received a gift from Okawaru
 27408 | Lair:6   | Found a viscous altar of Jiyva.
 27440 | Lair:6   | Found a staircase to the Slime Pits.
 27460 | Lair:6   | Reached skill level 15 in Fighting
 27460 | Lair:6   | Reached skill level 15 in Shields
 27466 | Lair:6   | Reached skill level 15 in Armour
 27509 | Lair:6   | Identified the ring "Lostruog" {MP+9 Dex+3}
 28080 | D:13     | Reached skill level 15 in Axes
 28347 | D:13     | Found a gate to the Vaults.
 28552 | D:14     | Found a hide-covered altar of Uskayaw.
 28733 | D:14     | Identified the +9 spear of Zeapt {venom, rF+ Stlth+}
 29014 | D:15     | Entered Level 15 of the Dungeon
 29018 | D:15     | Reached XP level 15. HP: 143/143 MP: 19/19
 29126 | D:15     | Reached skill level 16 in Fighting
 29408 | D:15     | Found an ornate altar of the Wu Jian Council.
 29666 | D:15     | Found a staircase to the Depths.
 29817 | Orc:1    | Entered Level 1 of the Orcish Mines
 29828 | Orc:1    | Identified the +0 ring mail "Riobiuk" {Contam Fly rPois
                  | rCorr Str+7} (Okawaru gifted it to you on level 1 of the
                  | Orcish Mines)
 29828 | Orc:1    | Received a gift from Okawaru
 30362 | Orc:2    | Entered Level 2 of the Orcish Mines
 30362 | Orc:2    | Noticed Jorgrun
 30391 | Orc:1    | Killed Jorgrun
 30551 | Orc:2    | Found a dark tunnel.
 30590 | Volcano  | Entered a volcano
 30746 | Volcano  | Found a burning altar of Makhleb.
 30788 | Volcano  | Reached skill level 17 in Fighting
 31001 | Orc:2    | Found Gylen's Antique Weapon Shoppe.
 31032 | Orc:2    | Found Daruxaat's Weapon Boutique.
 31032 | Orc:2    | Found Riutzig's General Store.
 31471 | Orc:2    | Found Itholoth's Book Boutique.
 31514 | Orc:2    | Bought a steaming scimitar for 306 gold pieces
 31514 | Orc:2    | Identified the +4 scimitar "Happer" {venom, SInv} (You
                  | bought it in a shop on level 2 of the Orcish Mines)
 31596 | Orc:2    | Found a staircase to the Elven Halls.
 31991 | Orc:2    | Bought the ring of Atheism {Fly rN+} for 401 gold pieces
 31991 | Orc:2    | Bought a potion of might for 56 gold pieces
 31991 | Orc:2    | Bought a potion of might for 56 gold pieces
 32102 | D:11     | Bought a potion of ambrosia for 240 gold pieces
 32102 | D:11     | Bought a potion of might for 120 gold pieces
 32289 | D:3      | Bought a wand of iceblast (2) for 112 gold pieces
 32289 | D:3      | Bought a scroll of teleportation for 84 gold pieces
 32289 | D:3      | Bought a potion of heal wounds for 140 gold pieces
 32590 | Swamp:1  | Entered Level 1 of the Swamp
 32729 | Swamp:1  | Identified the +0 pair of gloves of Vommun {rPois Regen+}
                  | (Okawaru gifted it to you on level 1 of the Swamp)
 32729 | Swamp:1  | Received a gift from Okawaru
 33413 | Swamp:2  | Reached skill level 18 in Fighting
 33423 | Swamp:2  | Reached XP level 16. HP: 59/157 MP: 15/20
 34082 | Arena    | Entered the Arena
 34090 | Arena    | Identified the +10 war axe of Inquiry {antimagic, Will-
                  | Str+5 Int+7} (Okawaru gifted it to you in the Arena)
 34090 | Arena    | Received a gift from Okawaru
 34380 | Swamp:3  | Found a frozen archway.
 34427 | IceCv    | Entered an ice cave
 34533 | IceCv    | Received a gift from Okawaru
 34635 | IceCv    | Reached skill level 19 in Fighting
 35001 | IceCv    | Noticed an Ice Fiend
 35020 | IceCv    | Killed an Ice Fiend
 35023 | IceCv    | Identified the +0 hat "Habli" {rElec Dex+3}
 35485 | Swamp:4  | Entered Level 4 of the Swamp
 35706 | Swamp:4  | Noticed a thorn hunter
 35742 | Swamp:3  | Killed a thorn hunter
 35814 | Swamp:4  | Received a gift from Okawaru
 36108 | Swamp:4  | Reached XP level 17. HP: 168/169 MP: 21/21
 36139 | Swamp:4  | Noticed Donald
 36153 | Swamp:4  | Killed Donald
 36229 | Swamp:4  | Noticed a tentacled monstrosity
 36238 | Swamp:4  | Killed a tentacled monstrosity
 36285 | Swamp:4  | Reached skill level 20 in Fighting
 36357 | Swamp:4  | Identified the +2 hat "Molegaos" {Harm rElec rPois}
                  | (Okawaru gifted it to you on level 4 of the Swamp)
 36357 | Swamp:4  | Received a gift from Okawaru
 36390 | Swamp:4  | Got a decaying rune of Zot
 36673 | Spider:1 | Entered Level 1 of the Spider Nest
 36769 | Spider:1 | Noticed Nikola
 36800 | Spider:1 | Killed Nikola
 36935 | Spider:1 | You are sucked into a shaft and drop 1 floor!
 38528 | Arena    | Entered the Arena
 39175 | Spider:3 | Noticed Roxanne
 39184 | Arena    | Entered the Arena
 39193 | Arena    | Killed Roxanne
 39352 | Spider:2 | Received a gift from Okawaru
 39520 | Spider:3 | Reached skill level 21 in Fighting
 40121 | Spider:3 | Identified the +0 ring mail of Insecurity {rF- rC- Str+7}
                  | (Okawaru gifted it to you on level 3 of the Spider Nest)
 40121 | Spider:3 | Received a gift from Okawaru
 40312 | Spider:4 | Entered Level 4 of the Spider Nest
 40315 | Spider:4 | Noticed Asterion
 40338 | Arena    | Entered the Arena
 40352 | Arena    | Killed Asterion
 40431 | Spider:4 | Noticed Arachne
 40441 | Spider:3 | Reached XP level 18. HP: 163/175 MP: 23/23
 40476 | Spider:3 | Killed Arachne
 41120 | Spider:4 | Reached skill level 22 in Fighting
 41416 | Spider:4 | Noticed Mlioglotl
 41435 | Spider:4 | Killed Mlioglotl
 41515 | Spider:4 | Noticed Louise
 41515 | Spider:4 | Cast into level 2 of the Abyss (Louise)
 41630 | Abyss:2  | Paralysed by accursed screaming for 1 turns
 41840 | Spider:4 | Escaped the Abyss
 41843 | Arena    | Entered the Arena
 41853 | Arena    | Killed Louise
 42581 | Spider:4 | Got a gossamer rune of Zot
 42900 | Vaults:1 | Entered Level 1 of the Vaults
 44788 | Vaults:2 | Reached skill level 23 in Fighting
 45076 | Vaults:2 | Identified the +3 pair of boots of Fashionability {rPois
                  | Str+3 Dex-5} (Okawaru gifted it to you on level 2 of the
                  | Vaults)
 45076 | Vaults:2 | Received a gift from Okawaru
 45130 | Vaults:2 | Reached XP level 19. HP: 191/195 MP: 24/24
 45384 | Vaults:2 | Noticed Jory
 45398 | Vaults:2 | Cast into level 2 of the Abyss (a wizard)
 45733 | Vaults:2 | Escaped the Abyss
 46579 | Vaults:2 | HP: 7/195 [Jory/vampiric draining (21)]
 46579 | Vaults:2 | HP: 2/195 [deep troll[an ironbound preserver] (5)]
 46580 | Arena    | Entered the Arena
 46584 | Arena    | HP: 2/195 [poisoned by Jory]
 46586 | Arena    | Killed from afar by Jory

Illustrated notes

Levels and vault maps discovered:
D:1:      nzn_arrival_depleted_hourglass, layout_basic,
          ebering_ecumenical_altar_sacrificial
D:2:      layout_loops_corners, basic_altar, uniq_sigmund
D:3:      layout_basic, general_overflow_altar, nicolae_ashenzari_panopticon,
          serial_shops, shop, nrook_loot_triangle
D:4:      layout_cave_pods, minmay_temple_entry_drinking_statues
D:5:      layout_basic, mainiacjoe_overflow_boulevard, serial_glass,
          glass_columns_a, glass_columns_b
D:6:      layout_basic, bloody_trog, serial_shops, nicolae_stop_n_shop_1
D:7:      layout_rooms, marbit_many_paths, nicolae_tso_carved_into_rock,
          serial_shops, nicolae_shop_hallway_stairs, uniq_pikel
D:8:      layout_gridville, nicolae_hepliaklqana_monster_ancestors, uniq_grum
D:9:      layout_loops_ring, bloody_makhleb, zin_statuary, fedhas_ov_isle_minmay
D:10:     wad_crossroads, layout_basic
D:11:     layout_long_grid, due_lair_maze_entry_diamond, orc_0_dummy,
          nicolae_trove_entry_path_of_doom, serial_shops, kennysheep_little_box,
          grunt_qazlal_clouds, uniq_erica
D:12:     minmay_nested_s, layout_loops_ring, uniq_urug
D:13:     minmay_blocky_corners, layout_cave_pools, david_vaults_5,
          grunt_ministairs_1
D:14:     layout_roguey, nicolae_uskayaw_suspiria
D:15:     grunt_enter_depths_snipers, layout_rooms, nzn_wu_jian_contemplation
Temple:   pdpol_scorched_temple
Lair:1:   layout_small_grid, grunt_forest_small_clearings, serial_bayou_pond_c,
          nicolae_lair_lindhole, lemuel_fruit_fields
Lair:2:   layout_small_grid, swamp_mist, spider_nest_entry_rubble,
          roderic_batcave
Lair:3:   layout_chaotic_city, basic_altar, wad_woods_road_01,
          amcnicky_mini_pool_medium, uniq_rupert
Lair:4:   layout_long_grid, kennysheep_catoblepas_arena, uniq_kirke
Lair:5:   layout_loops_ring
Lair:6:   cheibrodos_lair_end_hotspot, layout_gridlike, slime_altar_1
Swamp:1:  layout_basic_swamp, hangedman_swamp_blocks, hangedman_swamp_wriggling
Swamp:2:  layout_falls_marsh, serial_swamp_ruin, evilmike_swamp_ruin_house_5,
          evilmike_swamp_ruin_house_2, evilmike_swamp_ruin_house_1,
          infiniplex_staircase_pool_2
Swamp:3:  layout_basic_swamp, portal_ice_cave_entry_ice_simulacra,
          hangedman_swamp_ruin_wall, infiniplex_staircase_pool
Swamp:4:  swamp_vile, layout_basic_swamp, uniq_donald
Spider:1: layout_cave_pods, uniq_nikola
Spider:2: layout_spider_delve
Spider:3: layout_cave_pods, uniq_roxanne
Spider:4: grunt_spider_rune_circles, uniq_mlioglotl, uniq_louise, uniq_arachne,
          uniq_asterion
Orc:1:    layout_diamond_mine, nicolae_orc_lava_tube
Orc:2:    st_orc_elflike, layout_caves, lightli_volcano_entry_magma_tube,
          minmay_orc_temple_c, uniq_jorgrun
Vaults:1: nicolae_vaults_quadrants, v_pattern_1, grunt_vaults_twisty,
          grunt_vaults_trifunnel, vaults_room_grunt_arrival_ludios, v_misc_24,
          v_misc_22, grunt_vaults_hallway_short,
          nicolae_vaults_diagonal_hallway_8, v_misc_12, vaults_dpeg_ring,
          vaults_room_stairs_pillars, layout_vaults_ring
Vaults:2: v_rooms_1, nicolae_vaults_circle_grid_b, nicolae_vaults_network_s,
          nicolae_vaults_big_ls, hangedman_vaults_stagger, vaults_room_pools,
          v_misc_25, ontoclasm_vaults_eye, nicolae_vaults_hallways_thing,
          v_misc_27, vaults_room_door_ring, layout_vaults_chaotic_city,
          uniq_jory
Arena

Skill      XL: |  1  2  3  4  5  6  7  8  9 10 11 12 13 14 15 16 17 18 19 |
---------------+----------------------------------------------------------+-----
Shields        | 4 5 6 7 8 9 11 12 14 15 16 17 18 | 18.9
Fighting       | 4 5 6 7 8 9 11 12 14 15 18 19 21 23 | 23.5
Armour         | 4 5 6 7 8 9 10 12 13 15 16 17 18 | 18.9
Axes           | 3 4 5 6 7 8 9 10 12 13 15 17 18 19 | 19.0
Invocations    | 3 6 8 9 10 12 13 | 13.1

Action                   |  1- 3 |  4- 6 |  7- 9 | 10-12 | 13-15 | 16-18 | 19-21 || total
-------------------------+-------+-------+-------+-------+-------+-------+-------++-------
Melee: War axe           |    79 |    42 |   282 |   536 |   108 |       |       ||  1047
       Headbutt          |    10 |     6 |    61 |   161 |   292 |   597 |   104 ||  1231
       Scimitar          |       |       |       |     8 |    39 |       |       ||    47
       Eveningstar       |       |       |       |   133 |   947 |  1640 |   306 ||  3026
       Broad axe         |       |       |       |       |       |   246 |       ||   246
Invok: Heroism           |       |       |       |     6 |    10 |    19 |     2 ||    37
       Finesse           |       |       |       |     2 |     4 |     9 |     1 ||    16
       Duel              |       |       |       |       |       |     5 |     1 ||     6
Evoke: Wand              |       |       |       |    19 |    14 |     3 |       ||    36
  Use: Potion            |     1 |     1 |     1 |    13 |     7 |    15 |     2 ||    40
       Scroll            |       |       |     7 |     3 |    19 |    19 |       ||    48
 Stab: Paralysed         |       |       |       |       |     2 |       |       ||     2
       Invisible         |       |       |       |       |       |     1 |       ||     1
Armor: Scale mail        |    27 |     2 |       |       |       |       |       ||    29
       Chain mail        |       |    13 |   106 |    95 |   751 |   185 |       ||  1150
       Plate armour      |       |       |   113 |   297 |       |  1370 |   137 ||  1917
       Skin              |       |       |       |    49 |    19 |       |       ||    68
Dodge: Dodged            |    47 |    20 |    92 |   198 |   368 |   536 |    45 ||  1306
Block: Buckler           |    22 |     9 |    24 |       |       |       |       ||    55
       Kite shield       |       |       |   150 |   515 |   810 |  1479 |       ||  2954
       Tower shield      |       |       |       |       |       |   415 |   341 ||   756
       Reflection        |       |       |       |       |       |     3 |    20 ||    23
